 Dungeon Crawl Stone Soup version 0.19-a0-1834-g6b7851e (webtiles) character file.

10031 dvd the Archer (level 11, 0/58 HPs)
             Began as a Spriggan Hunter on Oct 8, 2016.
             Was an Elder of Lugonu.
             Killed by divine providence
             ... invoked by a meliai
              (13 damage)
             ... on level 10 of the Dungeon.
             The game lasted 00:50:55 (14803 turns).

dvd the Archer (Spriggan Hunter)                   Turns: 14803, Time: 00:50:56

Health: 0/58       AC:  9    Str: 10    XL:     11   Next: 30%
Magic:  12/12      EV: 25    Int: 13    God:    Lugonu [****..]
Gold:   737        SH:  0    Dex: 18    Spells: 0 memorised, 10 levels left

rFire  + . .     SeeInvis +     b - +1 short sword (venom)
rCold  + . .     Gourm    .     g - +1 robe {rC+ rF+}
rNeg   . . .     Faith    .     (shield restricted)
rPois  +         Spirit   .     (helmet restricted)
rElec  .         Dismiss  .     Q - +0 cloak
rCorr  .         Reflect  .     (gloves unavailable)
MR     +....     Harm     .     (boots unavailable)
Stlth  +++....... Clarity  +    (no amulet)
                                q - ring of poison resistance
                                r - +5 ring of protection

@: very quick
A: unfitting armour, see invisible, clarity, herbivore 3, speed 3, slow
metabolism 2
a: Depart the Abyss, Bend Space, Banish, Corrupt, Renounce Religion


You were on level 10 of the Dungeon.
You worshipped Lugonu.
Lugonu was greatly pleased with you.
You were not hungry.

You visited 2 branches of the dungeon, and saw 11 of its levels.
You visited the Abyss 1 time.

You collected 801 gold pieces.
You paid 64 gold pieces to Gozag.

Inventory:

Hand Weapons
 a - a +2 shortbow
 b - a +1 short sword of venom (weapon)
 c - the +8 mace of Gugri {freeze, *Noise Str+7 Dex+3}
   (You took it off an orc on level 5 of the Dungeon)

   It has been specially enchanted to freeze those struck by it, causing extra
   injury to most foes and up to half again as much damage against particularly
   susceptible opponents.
   It can also slow down cold-blooded creatures.
   It affects your strength (+7).
   It affects your dexterity (+3).
   It may make noises in combat.
 m - a +0 long sword of distortion
 J - a +1 dagger of speed
 K - a +5 flail of protection
 P - a +2 dagger of holy wrath
 S - a +4 scimitar of flaming
Missiles
 d - 46 arrows
 n - 8 tomahawks (quivered)
 E - 2 poisoned tomahawks
 F - 2 steel tomahawks
Armour
 g - a +1 robe of resistance (worn)
 B - a +2 robe
 Q - a +0 cloak (worn)
 R - a +1 robe of resistance
Jewellery
 h - an uncursed ring of resist corrosion
 l - an uncursed ring of flight
 q - a ring of poison resistance (right hand)
 r - a +5 ring of protection (left hand)
Wands
 e - a wand of slowing (21/48)
 x - a wand of lightning (12/15)
 y - a wand of enslavement (9/24)
 I - a wand of random effects (29/48)
 L - a wand of flame (4/48)
 N - a wand of slowing (41/48)
 O - a wand of acid (6/15)
Scrolls
 i - 2 scrolls of blinking
 k - 2 scrolls of identify
 p - 9 scrolls of remove curse
 s - a scroll of teleportation
 v - 2 scrolls of amnesia
 w - 2 scrolls of fog
 G - 2 scrolls of recharging
Potions
 j - 5 potions of lignification
 o - 3 potions of curing
 u - a potion of ambrosia {unknown}
 z - 2 potions of brilliance
 A - 2 potions of might {unknown}
 C - a potion of cancellation
 M - 3 potions of flight
Comestibles
 f - 7 bread rations
 t - 7 fruits
 D - 2 slices of pizza
 H - 8 royal jellies


   Skills:
 + Level 7.0 Fighting
 + Level 3.1 Short Blades
 + Level 5.4 Maces & Flails
 + Level 14.3 Bows
 + Level 1.0 Throwing
 + Level 8.6 Dodging
 + Level 5.8 Stealth
 + Level 1.0 Evocations


You had 10 spell levels left.
You didn't know any spells.

Dungeon Overview and Level Annotations

Branches:
Dungeon (10/15)            Temple (1/1) D:4            Lair (0/6) D:9
    Orc (0/2) D:9

Altars:
Ashenzari
Cheibriados
Dithmenos
Elyvilon
Fedhas
Gozag
Hepliaklqana
Kikubaaqudgha
Makhleb
Nemelex Xobeh
Okawaru
Qazlal
Ru
Sif Muna
Trog
Uskayaw
Vehumet
Xom
Yredelemnul
Zin
The Shining One

Shops:
D:7 :   D:9 =   D:10 :


Innate Abilities, Weirdness & Mutations

You are very small and have problems with some larger weapons.
You are too small for most types of armour.
You have supernaturally acute eyesight. (SInv)
You are a herbivore.
You cover ground extremely quickly.
You need consume almost no food.
You possess an exceptional clarity of mind.


Message History

Unknown command.
Evoke which item? (* to show all) (? for menu, Esc to quit)
Zapping:
x - a wand of lightning (13/15)
Press: ? - help, Shift-Dir - straight line, f/p - meliai
Aim: a meliai, wielding a hand axe and wearing a leather armour (moderately wounded)
You hear a mighty clap of thunder!
The bolt of lightning misses the meliai.
This wand has 12 charges left.
You hear a loud, deep croak!
Unknown command.
Press: ? - help, v - describe, . - travel, g - get item
Here: a meliai, wielding a hand axe and wearing a leather armour (lightly wounded)
An arrow.
The floor.
Wield which item (- for none, * to show all)? (? for menu, Esc to quit)
Your +1 short sword of venom begins to drip with poison!
b - a +1 short sword of venom (weapon)
The meliai invokes the aid of its god against you.
Something smites you!
You die...

###+###.....#
............#
............#
...!........#
(...........#
(...........#
......y.....# # ....#
#@....# # .#...#
#.#...# # .....#
#.#...# # .....#
#.....# #....# ##....#
#.##.# #....# #.##.#
#.#..# #.##.# #....#
#####....########....#


You could see a meliai.

Vanquished Creatures
  Harold (D:10)
  Erica (D:10)
  Urug (D:10)
  Maurice (D:10)
  The ghost of Zhenya24pyc the Skirmisher, a novice GrFi (D:5)
  A queen bee (D:9)
  Prince Ribbit (D:8)
  A hippogriff (D:9)
  Sigmund (D:5)
  10 yaks
  2 humans (D:8)
  Edmund (D:4)
  Duvessa (D:5)
  3 orc warriors
  2 water moccasins
  An ice beast (D:9)
  A swamp drake (D:9)
  An eye of draining (D:10)
  A sky beast (D:6)
  A black bear (D:7)
  The ghost of brucemayne the Chopper, an amateur HOMo of Makhleb (D:6)
  5 ogres
  A phantom (D:5)
  6 centaurs
  2 big kobolds
  4 bullfrogs
  A water moccasin zombie (D:8)
  Dowan (D:5)
  2 scorpions
  19 killer bees
  A howler monkey (D:9)
  A bullfrog zombie (D:6)
  2 centaur zombies
  6 crimson imps
  3 jellies
  3 orc priests
  2 bullfrog skeletons
  A centaur skeleton (D:4)
  4 hounds
  8 orc wizards
  4 iguanas
  4 worker ants
  3 hound skeletons
  A worker ant zombie (D:5)
  3 river rats
  7 adders
  5 shadow imps
  An ooze (D:1)
  2 adder skeletons
  A worm (D:5)
  3 dart slugs
  5 leopard geckos
  35 orcs
  3 ball pythons
  3 giant cockroaches
  7 goblins
  4 hobgoblins
  5 jackals
  4 quokkas
  10 bats
  2 frilled lizards
  15 kobolds
  A quokka skeleton (D:3)
  22 rats
256 creatures vanquished.

Vanquished Creatures (others)
  12 fungi (D:9)
  3 plants (D:9)
15 creatures vanquished.

Grand Total: 271 creatures vanquished

Notes
Turn   | Place    | Note
-------+----------+-------------------------------------------
     0 | D:1      | dvd the Spriggan Hunter began the quest for the Orb.
     0 | D:1      | Reached XP level 1. HP: 10/10 MP: 2/2
   105 | D:1      | Reached skill level 5 in Bows
   124 | D:1      | Reached XP level 2. HP: 14/14 MP: 3/3
  1036 | D:2      | Reached XP level 3. HP: 17/18 MP: 4/4
  1309 | D:2      | Found a faded altar of an unknown god.
  1369 | D:2      | Reached skill level 6 in Bows
  1500 | D:2      | Found an ancient bone altar of Kikubaaqudgha.
  1502 | D:2      | Found a shimmering altar of Xom.
  1942 | D:3      | Reached XP level 4. HP: 21/23 MP: 5/5
  2503 | D:4      | Reached skill level 7 in Bows
  2503 | D:4      | Reached XP level 5. HP: 26/26 MP: 6/6
  2771 | D:4      | Found a staircase to the Ecumenical Temple.
  2776 | Temple   | Entered the Ecumenical Temple
  2808 | Temple   | Became a worshipper of Gozag Ym Sagoz the Greedy
  3589 | D:4      | Found a white marble altar of Elyvilon.
  3686 | D:5      | Entered Level 5 of the Dungeon
  3791 | D:5      | Noticed a phantom
  3844 | D:5      | Killed a phantom
  3930 | D:5      | Noticed Edmund
  4050 | D:5      | Noticed Zhenya24pyc's ghost (novice GrFi)
  4091 | D:5      | Noticed Sigmund
  4103 | D:5      | Killed Sigmund
  4103 | D:5      | Reached skill level 1 in Short Blades
  4103 | D:5      | Reached skill level 8 in Bows
  4103 | D:5      | Reached XP level 6. HP: 32/32 MP: 7/7
  4578 | D:5      | Found a sparkling altar of Nemelex Xobeh.
  4759 | D:5      | Reached XP level 7. HP: 35/35 MP: 8/8
  4786 | D:5      | Found a stormy altar of Qazlal.
  4883 | D:5      | Reached skill level 9 in Bows
  4886 | D:5      | Noticed Duvessa
  4887 | D:5      | Noticed Dowan
  5077 | D:5      | Killed Duvessa
  5279 | D:5      | Killed Dowan
  5335 | D:5      | Gained mutation: You possess an exceptional clarity of mind. [potion of mutation]
  5335 | D:5      | Gained mutation: You have sharp toenails. [potion of mutation]
  5335 | D:5      | Gained mutation: You are frail. (-10% HP) [potion of mutation]
  5339 | D:5      | Lost mutation: You are frail. (-10% HP) [potion of cure mutation]
  5339 | D:5      | Lost mutation: You have sharp toenails. [potion of cure mutation]
  5787 | D:5      | Got a sapphire mace {freeze}
  5788 | D:5      | Identified the +8 mace of Gugri {freeze, *Noise Str+7 Dex+3} (You took it off an orc on level 5 of the Dungeon)
  5983 | D:6      | Reached skill level 10 in Bows
  6138 | D:6      | Found a sacrificial altar of Ru.
  6190 | D:6      | Noticed brucemayne's ghost (amateur HOMo)
  6212 | D:6      | Killed brucemayne's ghost
  6212 | D:6      | Reached XP level 8. HP: 32/42 MP: 9/9
  6564 | D:6      | Cast into level 3 of the Abyss (a distortion unwield)
  6564 | Abyss:3  | Found a corrupted altar of Lugonu.
  6572 | Abyss:3  | Fell from the grace of Gozag
  6572 | Abyss:3  | Became a worshipper of Lugonu the Unformed
  6572 | Abyss:3  | Reached * piety under Lugonu
  6574 | D:6      | Escaped the Abyss
  6738 | D:6      | Reached skill level 1 in Maces & Flails
  8403 | D:7      | Reached skill level 11 in Bows
  8403 | D:7      | Reached skill level 5 in Dodging
  8517 | D:7      | Reached XP level 9. HP: 27/46 MP: 10/10
  8688 | D:7      | Found Opaaloi's Book Shoppe.
  9112 | D:7      | Found a deep blue altar of Sif Muna.
  9201 | D:7      | Found a shadowy altar of Dithmenos.
  9206 | D:7      | Got a fine helmet
  9207 | D:7      | Identified the cursed +0 helmet of the Fifty Dances {rF+ Slay+3} (You found it on level 7 of the Dungeon)
  9476 | D:8      | Noticed Prince Ribbit
  9476 | D:8      | Reached skill level 5 in Fighting
  9831 | D:8      | Killed Prince Ribbit
  9880 | D:8      | Found a hazy altar of Hepliaklqana.
  9966 | D:8      | Found an iron altar of Okawaru.
 10354 | D:8      | Reached skill level 12 in Bows
 10564 | D:8      | Was forgiven by Gozag
 10639 | D:8      | Reached ** piety under Lugonu
 10683 | D:8      | Reached skill level 5 in Stealth
 10932 | D:9      | Reached XP level 10. HP: 41/51 MP: 11/11
 11256 | D:9      | Found Bahoikla's Jewellery Boutique.
 11264 | D:9      | Found a basalt altar of Yredelemnul.
 11592 | D:9      | Reached *** piety under Lugonu
 11762 | D:9      | Found a staircase to the Orcish Mines.
 12056 | D:9      | Reached skill level 13 in Bows
 12277 | D:9      | Found a glowing silver altar of Zin.
 12418 | D:9      | Found a glowing golden altar of the Shining One.
 12644 | D:9      | Found a staircase to the Lair.
 12964 | D:5      | Killed Zhenya24pyc's ghost
 13071 | D:4      | Killed Edmund
 13231 | D:10     | Entered Level 10 of the Dungeon
 13273 | D:10     | Reached skill level 5 in Maces & Flails
 13333 | D:10     | Found Ahalytsot's Book Shop.
 13443 | D:10     | Noticed Harold
 13496 | D:10     | Killed Harold
 13740 | D:10     | Noticed Urug
 13929 | D:10     | Killed Urug
 13929 | D:10     | Reached XP level 11. HP: 58/58 MP: 12/12
 14257 | D:10     | Noticed Maurice
 14271 | D:10     | Killed Maurice
 14305 | D:10     | Reached skill level 1 in Throwing
 14445 | D:10     | Reached **** piety under Lugonu
 14534 | D:10     | Noticed Erica
 14567 | D:10     | Killed Erica
 14567 | D:10     | Reached skill level 14 in Bows
 14669 | D:10     | Reached skill level 1 in Evocations
 14803 | D:10     | Killed from afar by a meliai

Vault maps used:
D:1:      minmay_arrival_cross
D:2:      nicolae_overflow_hidden_temple, ecumenical_altar_2,
          minmay_goblin_kobold_house
D:3:      first_bread
D:4:      marbit_many_paths
D:5:      nemelex_xobeh_ov_fountains_minmay, grunt_qazlal_sundering,
          sigmund_edmund_badplayer, uniq_duvessa
D:6:      nicolae_ru_the_path_less_chosen
D:7:      gammafunk_temple_overflow_pools, serial_shops, kennysheep_mini_moat
D:8:      okawaru_humans, nicolae_overflow_crystal_walls, uniq_prince_ribbit1
D:9:      yredelemnul_altar_generic, nicolae_tso_carved_into_rock,
          overflow_temple_1_default, grunt_lair_entry_orc_guard_hut, erik_orc_1,
          serial_shops, shop, david_nohive_1
D:10:     serial_shops, shop, uniq_harold, uniq_maurice, uniq_erica, uniq_urug
Temple:   compressed_dpeg_triangle_lava_temple

Skill      XL: |  1  2  3  4  5  6  7  8  9 10 11 |
---------------+----------------------------------+-----
Bows           | 5 6 7 8 10 11 12 13 14 | 14.3
Fighting       | 2 3 4 5 6 7 |  7.0
Stealth        | 2 3 4 5 |  5.8
Short Blades   | 1 2 3 |  3.1
Dodging        | 5 6 8 |  8.6
Maces & Flails | 2 3 5 |  5.4
Throwing       | 1 |  1.0
Evocations     | 1 |  1.0

Action                   |  1- 3 |  4- 6 |  7- 9 | 10-12 || total
-------------------------+-------+-------+-------+-------++-------
Melee: Short sword       |       |    22 |    90 |     6 ||   118
       Dagger            |       |     5 |       |       ||     5
       Mace              |       |       |   150 |   139 ||   289
 Fire: Shortbow          |   121 |   191 |   280 |   341 ||   933
Throw: Tomahawk          |       |       |     2 |     4 ||     6
Invok: Depart the Abyss  |       |       |     1 |       ||     1
Evoke: Wand              |       |       |     4 |     2 ||     6
  Use: Potion            |       |     2 |     6 |     1 ||     9
       Scroll            |       |       |    14 |     5 ||    19
 Stab: Sleeping          |       |     2 |     4 |       ||     6
       Distracted        |       |       |     2 |       ||     2
  Eat: Pizza             |       |       |     2 |       ||     2
       Bread ration      |       |       |     1 |       ||     1
       Fruit             |       |       |     1 |       ||     1
Armor: Robe              |     4 |     5 |    27 |    32 ||    68
       Skin              |       |    13 |       |       ||    13
Dodge: Dodged            |    31 |    30 |   355 |   228 ||   644
